 Dungeon Crawl Stone Soup version 0.22.1-1-ga44c0e5 (webtiles) character file.

26 Velaskes the Magician (level 2, 0/15 HPs)
             Began as a Deep Elf Wizard on Oct 31, 2018.
             Was an Initiate of Ashenzari.
             Succumbed to an adder's poison
             ... on level 3 of the Dungeon.
             The game lasted 00:14:01 (1532 turns).

Velaskes the Magician (Deep Elf Wizard)             Turns: 1532, Time: 00:14:02

Health: 0/15       AC:  4    Str:  4    XL:     2   Next: 89%
Magic:  4/10       EV: 13    Int: 22    God:    Ashenzari [......]
Gold:   77         SH:  0    Dex: 13    Spells: 11/12 levels left

rFire    . . .     SeeInvis +   l - +1 dagger (flame)
rCold    + . .     Gourm    .   (no shield)
rNeg     . . .     Faith    .   a - +0 robe
rPois    .         Spirit   .   b - +1 hat
rElec    .         Reflect  .   (no cloak)
rCorr    .         Harm     .   k - +0 pair of gloves
MR       .....                  (no boots)
Stlth    ++........             (no amulet)
HPRegen  0.05/turn              g - ring of see invisible
MPRegen  0.12/turn              n - ring of protection from cold

@: lethally poisoned (0 -> -6), very slightly contaminated
A: no striking features
a: Curse Item, Renounce Religion


You were on level 3 of the Dungeon.
You worshipped Ashenzari.
Ashenzari was noncommittal.
You were hungry.

You visited 1 branch of the dungeon, and saw 3 of its levels.

You collected 77 gold pieces.

Inventory:

Hand Weapons
 e - a +0 spear
 l - a +1 dagger of flaming (weapon)
Armour
 a - a +0 robe (worn)
 b - a +1 hat (worn)
 k - a +0 pair of gloves (worn)
Jewellery
 c - an uncursed ring of flight
 g - a ring of see invisible (left hand)
 n - a ring of protection from cold (right hand)
Scrolls
 f - 2 scrolls of identify
 j - 2 scrolls of fog {unknown}
 m - a scroll of teleportation {unknown}
Potions
 h - a potion of degeneration
 i - a potion of agility {unknown}
 o - a potion of flight {unknown}
Comestibles
 d - 3 rations


   Skills:
 + Level 2.4 Dodging
 + Level 2.7 Stealth
 + Level 5.6 Spellcasting
 + Level 1.2 Conjurations
   Level 1.1 Summonings
   Level 1.1 Translocations


You had 11 spell levels left.
You knew the following spells:

 Your Spells              Type           Power        Failure   Level  Hunger
a - Magic Dart            Conj           ##..         6%          1    None

Your spell library contained the following spells:

 Spells                   Type           Power        Failure   Level  Hunger
 Blink                    Tloc           N/A          9%          2    None
 Call Imp                 Summ           ##......     9%          2    None
 Slow                     Hex            #.......     14%         2    None
 Conjure Flame            Conj/Fire      #.......     22%         3    ##.....
 Mephitic Cloud           Conj/Pois/Air  #.......     24%         3    ##.....


Dungeon Overview and Level Annotations

Branches:
Dungeon (3/15)

Altars:
Ashenzari


Message History

You are lethally poisoned!
The adder poisons you!
* * * LOW HITPOINT WARNING * * *
You feel sick.
* * * LOW HITPOINT WARNING * * *
You feel sick. The adder barely misses you.
An adder and a gnoll come into view.
The adder hisses angrily.
You hear a shout! x2
The gnoll moves out of view.
A gnoll comes into view. It is wielding a spear.
* * * LOW HITPOINT WARNING * * *
You feel sick.
The gnoll moves out of view.
* * * LOW HITPOINT WARNING * * *
You feel sick. The adder bites you but does no damage.
There is a stone staircase leading down here.
The adder barely misses you.
You climb downwards.
You die...

####
###.###.. #
........#.#
#@..# ##S##
.# .. ###


You could see an adder.

Vanquished Creatures
  A leopard gecko (D:1)
  2 bats (D:1)
  A giant cockroach (D:1)
  6 goblins (D:1)
  3 hobgoblins
  A ball python (D:2)
  A frilled lizard (D:1)
  4 kobolds (D:1)
  5 rats
24 creatures vanquished.

Vanquished Creatures (others)
  5 toadstools (D:1)
5 creatures vanquished.

Grand Total: 29 creatures vanquished

Notes
Turn   | Place    | Note
-------+----------+-------------------------------------------
     0 | D:1      | Velaskes the Deep Elf Wizard began the quest for the Orb.
     0 | D:1      | Reached XP level 1. HP: 10/10 MP: 7/7
   244 | D:1      | Found a shattered altar of Ashenzari.
   254 | D:1      | Reached skill level 5 in Spellcasting
   309 | D:1      | Reached XP level 2. HP: 15/15 MP: 7/10
   344 | D:1      | Became a worshipper of Ashenzari the Shackled
  1532 | D:3      | Succumbed to an adder's poison

Skill      XL: |  1 |
---------------+----+-----
Spellcasting   | 5 |  5.6
Dodging        | |  2.4
Stealth        | |  2.7
Conjurations   | |  1.2
Summonings     | |  1.1
Translocations | |  1.1

Action                   || total
-------------------------++-------
Melee: Unarmed           ||     1
       Dagger            ||    12
       Spear             ||     4
 Cast: Magic Dart        ||    50
  Use: Scroll            ||     2
  Eat: Chunk             ||     1
Armor: Robe              ||    14
Dodge: Dodged            ||    22
